 Seeded DCSS version 0.28-a0-1286-g6bde065e89 (webtiles) character file.

Game seed: 20211226 (custom seed)

473 muata the Cleaver (level 6, -1/57 HPs)
             Began as a Minotaur Berserker on Dec 26, 2021.
             Was a Priest of Trog.
             Slain by Grinder (6 damage)
             ... on level 5 of the Dungeon.
             The game lasted 00:05:53 (3199 turns).

muata the Cleaver (Minotaur Berserker)              Turns: 3199, Time: 00:05:54

Health: -1/57      AC: 13    Str: 23    XL:     6   Next: 84%
Magic:  5/5        EV:  7    Int:  4    God:    Trog [***...]
Gold:   144        SH:  0    Dex: 10    Spells: 5/5 levels left

rFire   . . .      SeeInvis .   a - +0 hand axe
rCold   . . .      Faith    .   (no shield)
rNeg    . . .      Spirit   .   k - +0 plate armour
rPois   .          Reflect  .   (helmet restricted)
rElec   .          Harm     .   m - +0 cloak
rCorr   +          Rampage  .   o - +0 pair of gloves
Will    ++...                   (no boots)
Stlth   ..........              (no amulet)
HPRegen 1.19/turn               f - ring of resist corrosion
MPRegen 0.09/turn               (no ring)

@: strong-willed, on berserk cooldown, regenerating
A: horns 2, retaliatory headbutt
a: Renounce Religion, Berserk, Trog's Hand


You were on level 5 of the Dungeon.
You worshipped Trog.
Trog was most pleased with you.
You visited 1 branch of the dungeon, and saw 5 of its levels.

You collected 144 gold pieces.

Inventory:

Hand Weapons
 a - a +0 hand axe (weapon)
Armour
 k - a +0 plate armour (worn)
 m - a +0 cloak (worn)
 o - a +0 pair of gloves (worn)
Jewellery
 f - a ring of resist corrosion (left hand)
Scrolls
 e - 3 scrolls of teleportation {unknown}
 h - 4 scrolls of identify {unknown}
 i - 2 scrolls of fog {unknown}
 r - a scroll of amnesia {unknown}
Potions
 b - 2 potions of invisibility {unknown}
 c - a potion of flight {unknown}
 d - a potion of mutation {unknown}
 g - 4 potions of degeneration {unknown}
 j - a potion of might {unknown}
 l - a potion of lignification {unknown}
 n - a potion of cancellation {unknown}
 p - 6 potions of curing {unknown}
 q - a potion of heal wounds {unknown}


   Skills:
 - Level 6.0 Fighting
 + Level 8.1 Axes
 - Level 2.4 Armour
 - Level 2.1 Dodging


You had 5 spell levels left.
You didn't know any spells.
Your spell library was empty.

Dungeon Overview and Level Annotations

Branches:
Dungeon (5/15)
 Temple: D:4-7

Altars:
Dithmenos
Kikubaaqudgha

Shops:
D:1 [

Annotations:
D:5 Grinder


Innate Abilities, Weirdness & Mutations

You have a pair of horns on your head.
You reflexively headbutt those who attack you in melee.


Message History

a +4 flail of protection; a +0 scale mail Your skin stops crawling.
You feel less strong-willed. Grinder gestures at you.
You suddenly lose the ability to move!
Grinder hits you!
You writhe in agony.
Grinder hits you.
You writhe in agony.
Grinder hits you.
You writhe in agony.
Grinder hits you but does no damage. Grinder hits you but does no damage.
You can move again.
Things that are here:
a +4 flail of protection; a +0 scale mail Your skin crawls.
You feel strong-willed.
You feel yourself speed up. Grinder hits you.
You writhe in agony.
* * * LOW HITPOINT WARNING * * *
You slash Grinder!
Grinder is heavily wounded.
Grinder hits you.
* * * LOW HITPOINT WARNING * * *
You writhe in agony.
* * * LOW HITPOINT WARNING * * *
You slash Grinder! You headbutt Grinder.
Grinder is severely wounded.
Grinder hits you but does no damage.
You barely miss Grinder. Your headbutt misses Grinder.
Grinder is severely wounded.
Grinder hits you but does no damage.
You closely miss Grinder.
Grinder is severely wounded.
Grinder hits you.
* * * LOW HITPOINT WARNING * * *
You writhe in agony.
* * * LOW HITPOINT WARNING * * *
You hit Grinder.
Grinder is almost dead.
Grinder hits you!
* * * LOW HITPOINT WARNING * * *
You writhe in agony.
You die...

...........#..# ....
###............. ...
.P.............# ...
...P........#[..###..
P......<............#
#.
8........###.###..#.#
... ###......# ♣.♣
#.?..#.#.#
#......#♣♣.♣♣#........#
##...........@.........
##....#♣♣.♣♣#5........
###### ♣.♣ #.........
#.# #....).... ...
..........
..........>...
#.#.......)....
#.##..........#
$.....##.###


You could see Grinder.

Vanquished Creatures
  Edmund (D:5)
  2 centaur zombies (D:5)
  2 jellies
  Natasha (twice) (D:3)
  A scorpion zombie (D:5)
  Robin (D:2)
  4 adders
  2 adder skeletons (D:4)
  A worm (D:4)
  5 dart slugs
  2 orcs
  6 ball pythons
  9 endoplasms
  5 giant cockroaches
  11 goblins
  11 hobgoblins
  4 jackals (D:2)
  2 quokkas
  6 bats
  2 frilled lizards
  3 kobolds
  6 rats
88 creatures vanquished.

Vanquished Creatures (others)
  A human (D:3)
  A goblin (D:2)
2 creatures vanquished.

Grand Total: 90 creatures vanquished

Notes
Turn   | Place    | Note
-------+----------+-------------------------------------------
     0 | D:1      | muata the Minotaur Berserker began the quest for the Orb.
     0 | D:1      | Reached XP level 1. HP: 19/19 MP: 0/0
   225 | D:1      | Reached skill level 4 in Axes
   226 | D:1      | Found Jobrofi's Antique Armour Boutique.
   233 | D:1      | Reached XP level 2. HP: 25/27 MP: 1/1
   547 | D:1      | Reached ** piety under Trog
   882 | D:1      | Found a faded altar of an unknown god.
  1022 | D:2      | Reached XP level 3. HP: 34/34 MP: 2/2
  1126 | D:2      | Noticed Robin
  1139 | D:2      | Killed Robin
  1308 | D:2      | Reached skill level 5 in Axes
  1308 | D:2      | Reached XP level 4. HP: 40/41 MP: 3/3
  1432 | D:2      | Reached skill level 5 in Fighting
  1933 | D:3      | Reached *** piety under Trog
  1934 | D:3      | Reached XP level 5. HP: 38/48 MP: 4/4
  2059 | D:3      | Found an ancient bone altar of Kikubaaqudgha.
  2065 | D:3      | Noticed a human
  2066 | D:3      | Killed a human
  2106 | D:3      | Found a shadowy altar of Dithmenos.
  2229 | D:3      | Noticed Natasha
  2240 | D:3      | Killed Natasha
  2496 | D:3      | Noticed Natasha
  2502 | D:3      | Killed Natasha
  2503 | D:3      | Reached skill level 6 in Axes
  2937 | D:4      | Reached XP level 6. HP: 57/57 MP: 5/5
  3095 | D:5      | Entered Level 5 of the Dungeon
  3109 | D:5      | Reached skill level 7 in Axes
  3156 | D:5      | Noticed Edmund
  3163 | D:5      | Killed Edmund
  3164 | D:5      | Reached skill level 8 in Axes
  3167 | D:5      | Noticed Grinder
  3169 | D:5      | Paralysed by Grinder for 7 turns
  3188 | D:5      | Paralysed by Grinder for 6 turns
  3199 | D:5      | Slain by Grinder

Illustrated notes

Levels and vault maps discovered:
D:1:      lightli_arrival_statuegarden, layout_basic, serial_shops, shop_statue,
          chequers_ecumenical_altar_grove
D:2:      layout_loops_ring, kennysheep_nub, uniq_robin
D:3:      minmay_inner_zag, layout_rooms, marbit_many_paths, tgw_kikubaaqudgha,
          minivault_14, uniq_natasha
D:4:      layout_rooms
D:5:      layout_rooms, mainiacjoe_overflow_alcove_4,
          minmay_temple_entry_slanted, serial_undead, serial_undead_a,
          serial_undead_c, serial_undead_b, serial_undead_c, serial_undead_c,
          minivault_19, corexii_checkpoint_a, minmay_tree_intersection,
          uniq_grinder, uniq_edmund

Skill      XL: |  1  2  3  4  5  6 |
---------------+-------------------+-----
Fighting       | 4 5 6 |  6.0
Axes           | 4 5 6 8 |  8.1
Armour         | |  2.4
Dodging        | |  2.1

Action                   |  1- 3 |  4- 6 || total
-------------------------+-------+-------++-------
Melee: Hand axe          |    76 |   126 ||   202
       Headbutt          |     9 |    37 ||    46
Invok: Berserk           |     1 |     1 ||     2
       Trog's Hand       |       |     2 ||     2
Armor: Animal skin       |     6 |       ||     6
       Plate armour      |    24 |    82 ||   106
       Ring mail         |     8 |       ||     8
Dodge: Dodged            |    51 |    49 ||   100

Table legend: (Time is in decaauts)
 A = Elapsed time spent in this place.
 B = Non-inter-level travel time spent in this place.
 C = Inter-level travel time spent in this place.
 D = Time resting spent in this place.
 E = Time spent auto-exploring this place.
 F = Levels seen in this place.
 G = Mean time per level.
                   A        B        C        D        E       F      G
               +--------+--------+--------+--------+--------+-----+--------+
         Total |   3219 |   3110 |    109 |     42 |   2369 |   5 |  643.8 |
       Dungeon |   3219 |   3110 |    109 |     42 |   2369 |   5 |  643.8 |
               +--------+--------+--------+--------+--------+-----+--------+

Top non-repeatable levels by time:
     D:1: 1000 daAuts
     D:2: 832 daAuts
     D:3: 694 daAuts
     D:4: 585 daAuts
     D:5: 107 daAuts
